 Dungeon Crawl Stone Soup version 0.20-a0-1086-g4bd2f5b (webtiles) character file.

715216 Banto the Conqueror (level 27, -3/199 HPs)
             Began as a Demonspawn Gladiator on May 1, 2017.
             Was a High Priest of Kikubaaqudgha.
             Slain by an angel
             ... wielding a +3 whip of holy wrath
              (4 damage)
             ... in Pandemonium.
             The game lasted 03:50:13 (79648 turns).

Banto the Conqueror (Demonspawn Gladiator)         Turns: 79648, Time: 03:50:14

Health: -3/199     AC: 27    Str: 20    XL:     27
Magic:  0/32       EV: 24    Int: 22    God:    Kikubaaqudgha [*****.]
Gold:   5705       SH:  8    Dex: 16    Spells: 5/38 levels left

rFire    + + +     SeeInvis +   y - +9 demon trident (freeze)
rCold    + + .     Gourm    .   K - +3 buckler {reflect}
rNeg     + + .     Faith    .   U - +4 scale mail of the Shining Light {*Drain Regen+ Str+9 Slay+5}
rPois    +         Spirit   +   J - +2 helmet of Papsotin {+Blink Slay+3}
rElec    .         Reflect  +   i - scarf of Bualops {+Fly rC+ Str-5 SInv}
rCorr    .         Harm     .   (gloves unavailable)
MR       ++...                  G - +2 pair of boots {run}
Stlth    ..........             p - amulet of regeneration
Regen    0.0/turn               r - ring "Vywn" {rN+ Str-4 Int+4 Dex+3 Slay+3}
MPRegen  0.5/turn               V - ring "Miehy" {+Fly rF+ rC+ Str+4 Dex-3}

@: lethally poisoned (-3 -> -7), glowing, deflect missiles, quick
A: claws 3, hooves 1, slimy green scales 3, clumsy 1, deterioration 1, fire
resistance 2, frail 2, ignite blood, negative energy resistance 1, sense
surroundings 1, screaming 1, inhibited regeneration, 50% torment resistance,
magic shield, magic regeneration, magic link, no potion heal 1, black mark,
flame cloud immunity
}: 5/15 runes: decaying, serpentine, slimy, silver, abyssal
a: Receive Corpses, Torment, Renounce Religion, Evoke Blink, Evoke Flight


You were in Pandemonium.
You worshipped Kikubaaqudgha.
Kikubaaqudgha was extremely pleased with you.
You were not hungry.

You visited 12 branches of the dungeon, and saw 54 of its levels.
You visited Pandemonium 1 time, and saw 4 of its levels.
You visited the Abyss 1 time.
You visited 1 bazaar.
You also visited: Labyrinth, Trove, Volcano and Desolation.

You collected 9688 gold pieces.
You spent 3983 gold pieces at shops.

Inventory:

Hand Weapons
 b - the +2 Maxwell's thermic engine {flame, freeze, rF- rC-}
   (You found it on level 5 of the Vaults)

   It has been specially enchanted to burn those struck by it, causing extra
   injury to most foes and up to half again as much damage against particularly
   susceptible opponents.
   Big, fiery blades are also staple armaments of hydra-hunters.
   It makes you vulnerable to fire.
   It makes you vulnerable to cold.
 y - a +9 demon trident of freezing (weapon)
 X - the +7 sceptre of Torment
   (You found it on level 3 of the Crypt)
Missiles
 d - 3 throwing nets (quivered)
Armour
 g - the +3 hat of Pondering {ponderous, MR+ MP+10 Int+5}
   (You took it off Gastronok on level 8 of the Dungeon)

   It affects your intelligence (+5).
   It affects your resistance to hostile enchantments.
   It affects your magic capacity (+10).
 i - the scarf of Bualops (worn) {+Fly rC+ Str-5 SInv}
   (Okawaru gifted it to you on level 2 of the Swamp)

   It affects your strength (-5).
   It protects you from cold.
   It lets you see invisible.
   It lets you fly.
 G - a +2 pair of boots of running (worn)
 J - the +2 helmet of Papsotin (worn) {+Blink Slay+3}
   (You found it on level 5 of the Depths)

   It affects your accuracy and damage with ranged weapons and melee attacks
   (+3).
   It lets you blink.
 K - a +3 buckler of reflection (worn)
 U - the +4 scale mail of the Shining Light (worn) {*Drain Regen+ Str+9 Slay+5}
   (You found it in the Desolation of Salt)

   It affects your strength (+9).
   It affects your accuracy and damage with ranged weapons and melee attacks
   (+5).
   It increases your rate of regeneration.
   It causes draining when unequipped.
Jewellery
 p - an amulet of regeneration (around neck)
 r - the ring "Vywn" (left claw) {rN+ Str-4 Int+4 Dex+3 Slay+3}
   (You found it in the Desolation of Salt)

   [ring of strength]

   It affects your strength (-4).
   It affects your intelligence (+4).
   It affects your dexterity (+3).
   It affects your accuracy and damage with ranged weapons and melee attacks
   (+3).
   It protects you from negative energy.
 C - an uncursed ring of resist corrosion
 H - the ring of Curiosity {rC+ Dex+4}
   (You found it on level 3 of the Elven Halls)

   [ring of protection from cold]

   It affects your dexterity (+4).
   It protects you from cold.
 Q - an uncursed ring of protection from magic
 V - the ring "Miehy" (right claw) {+Fly rF+ rC+ Str+4 Dex-3}
   (You found it in a treasure trove)

   [ring of protection from fire]

   It affects your strength (+4).
   It affects your dexterity (-3).
   It protects you from fire.
   It protects you from cold.
   It lets you fly.
Wands
 w - a wand of digging (8/24)
 M - a wand of digging (15/24)
Scrolls
 m - 13 scrolls of recharging
 n - 17 scrolls of remove curse
 q - 10 scrolls of teleportation
 u - 8 scrolls of magic mapping
 x - a scroll of silence
 B - 6 scrolls of enchant armour
 D - 5 scrolls of fear
 E - 7 scrolls of fog
 I - 13 scrolls of amnesia
 O - 7 scrolls of blinking
 R - 16 scrolls of identify
 W - 8 scrolls of enchant weapon
 Y - a scroll of acquirement
Potions
 a - 16 potions of curing
 c - 3 potions of brilliance
 e - 5 potions of might
 h - 3 potions of mutation
 j - 8 potions of flight
 k - 6 potions of magic
 l - 2 potions of invisibility
 o - 4 potions of haste
 t - 9 potions of heal wounds
 v - 2 potions of ambrosia
 z - 10 potions of cancellation
 F - 4 potions of resistance
 T - 3 potions of berserk rage
Miscellaneous
 L - a phantom mirror
 N - a lamp of fire
 S - a phial of floods
Comestibles
 f - 25 bread rations
 s - 23 meat rations
 A - 8 royal jellies
 P - 3 fruits


   Skills:
 O Level 27 Fighting
 - Level 14.0 Polearms
 - Level 1.7 Throwing
 + Level 19.5 Armour
 + Level 19.7 Dodging
 - Level 5.0 Shields
 - Level 6.0 Spellcasting
 - Level 8.0 Hexes
 - Level 13.5 Charms
 - Level 14.0 Necromancy
   Level 8.0 Ice Magic
 - Level 13.0 Air Magic
   Level 7.0 Invocations


You had 5 spell levels left.
You knew the following spells:

 Your Spells              Type           Power        Failure   Level  Hunger
a - Animate Skeleton      Necr           N/A          1%          1    None
b - Animate Dead          Necr           N/A          1%          4    ###....
c - Cigotuvi's Embrace    Necr           ######....   1%          5    #####..
d - Death Channel         Necr           ######....   8%          6    ######.
e - Spectral Weapon       Hex/Chrm       ######..     1%          3    #......
f - Silence               Hex/Air        ######....   6%          5    #####..
g - Deflect Missiles      Chrm/Air       ######....   11%         6    ######.
h - Regeneration          Chrm/Necr      ######....   1%          3    #......


Dungeon Overview and Level Annotations

Branches:
Dungeon (15/15)            Temple (0/1) D:5            Lair (6/6) D:8
  Swamp (4/4) Lair:4        Snake (4/4) Lair:2        Slime (5/5) Lair:6
    Orc (2/2) D:11            Elf (3/3) Orc:2        Vaults (5/5) D:14
  Crypt (3/3) Vaults:2       Tomb (0/3) Crypt:3      Depths (5/5) D:15
   Hell (1/1)                 Dis (0/7) Hell            Geh (0/7) Hell
    Coc (0/7) Hell            Tar (0/7) Hell            Zot (1/5) Depths:5

Altars:
Cheibriados
Fedhas
Gozag
Hepliaklqana
Kikubaaqudgha
Nemelex Xobeh
Okawaru
Ru
Sif Muna
Trog
Uskayaw
Vehumet
Wu Jian
Xom
Yredelemnul
Zin
The Shining One
Jiyva
Lugonu

Shops:
D:5 *   D:6 [   D:12 ?[   Orc:2 :*[(   Elf:1 :   Elf:2 *   Elf:3 **(!
Depths:1 *?   Depths:3 %:

Portals:
Hell: Depths:1 Depths:2 Depths:3 Depths:4 Depths:5
Abyss: Depths:1 Depths:4
Pandemonium: Depths:3
Ziggurat: Depths:1

Annotations:
D:3 Banto's ghost, amateur DsGl
D:13 Rupert
Lair:4 exclusion: oklob plant
Swamp:2 exclusion: Roxanne, Roxanne
Depths:5 exclusion: 5 doors


Innate Abilities, Weirdness & Mutations

You have claws for hands.
You are completely covered in slimy green scales. (AC +4, rPois)
Your flesh is very heat resistant. (rF++)
Your demonic aura causes spilled blood to erupt in flames.
You resist negative energy. (rN+)
You are somewhat able to resist unholy torments (1 in 2 success).
When hurt, damage is shared between your health and your magic reserves.
You regenerate magic rapidly.
When low on magic, you restore magic in place of health.
Your melee attacks may debilitate your foes.
You are immune to clouds of flame.
You have large cloven feet.
You are clumsy. (Dex -2)
Your body sometimes deteriorates upon taking damage.
You are very frail. (-20% HP)
You passively map a small area around you.
You occasionally shout uncontrollably at your foes.
You do not regenerate when monsters are visible.
Potions are less effective at restoring your health.


Message History

Confirm with . or Enter, or press ? or * to list all spells.
You don't have enough magic to cast that spell.
You impale the angel!! You freeze the angel!
The angel is moderately wounded.
The angel hits you with a whip of holy wrath.
* * * LOW HITPOINT WARNING * * *
You convulse.
* * * LOW HITPOINT WARNING * * *
The angel hits you but does no damage.
You take 10 damage, and have 39/199 hp.
You puncture the large abomination! You freeze the large abomination.
The large abomination is heavily damaged.
The large abomination hits you!!
* * * LOW HITPOINT WARNING * * *
The angel is engulfed in blazing flames.
The angel hits you with a whip of holy wrath!!
* * * LOW HITPOINT WARNING * * *
You convulse.
You die...
Kikubaaqudgha rasps: "You have failed me!
Welcome... death!"

, , , , * _ , *
≈ , * * * * , ,
, * , , , * , *
* ≈
.##############*
......X@G..A...
** ,
......A........
,,
###############
* * ** * * * * *
,, * , ,, , , ,
* , **


You could see 2 angels, an ophan and a large abomination.

Vanquished Creatures
  the Royal Jelly (Slime:5)
  5 ancient liches
  Boris (twice) (Crypt:1 Crypt:2)
  Xtahua (Vaults:5)
  Sojobo (Vaults:5)
  the Lernaean hydra (Swamp:4)
  Vashnia (Snake:2)
  Geryon (Hell)
  Saint Roka (Elf:2)
  A caustic shrike (Depths:4)
  4 golden dragons
  Nikola (Swamp:2)
  A profane servitor (Crypt:3)
  A bone dragon (Crypt:3)
  Jory (Depths:4)
  6 liches
  2 pandemonium lords (Pan)
  11 tentacled monstrosities
  2 deep elf blademasters
  2 quicksilver dragons (Vaults:5)
  20 titans
  Gastronok (D:8)
  4 deep elf master archers
  4 sphinxes
  2 Executioners (Pan)
  A death cob (Zot:1)
  3 ancient champions
  16 acid blobs
  8 shadow dragons
  2 thorn hunters
  Kirke (Lair:6)
  A draconian monk (Zot:1)
  8 nagarajas
  2 draconian knights
  4 storm dragons
  24 fire giants
  12 tengu reavers
  6 revenants
  8 azure jellies
  12 deep elf sorcerers
  A ghost moth (Pan)
  An orc warlord (Orc:2)
  Louise (D:15)
  2 black suns (Pan)
  12 vault wardens
  9 cacodemons (Pan)
  An iron dragon (Depths:4)
  2 imperial myrmidons (Desolation)
  25 frost giants
  Aizul (Swamp:2)
  4 ghouls
  2 curse skulls
  4 balrugs
  A draconian scorcher (Zot:1)
  5 deep elf elementalists
  3 war gargoyles
  A draconian annihilator (Zot:1)
  A draconian shifter (Depths:5)
  6 reapers
  42 stone giants
  2 entropy weavers (Vaults:4)
  15 ironheart preservers
  25 very ugly things
  21 vampire knights
  Nessos (Orc:2)
  A black draconian (Depths:5)
  A corrupter (Pan)
  3 green draconians (Zot:1)
  5 deep elf annihilators
  Azrael (D:13)
  9 deep elf demonologists
  5 purple draconians
  3 lorocyprocas
  2 white draconians
  7 red draconians
  3 eidola
  11 deep elf death magi
  An ettin (shapeshifter) (Depths:4)
  20 ettins
  3 green deaths
  6 spark wasps
  5 death oozes (Slime:5)
  14 fire dragons
  A minotaur (Lab)
  2 blizzard demons (Hell)
  6 ragged hierophants (Desolation)
  Fannar (D:9)
  4 crystal guardians (Desolation)
  26 jiangshi
  14 great orbs of eyes
  5 deep elf high priests
  11 naga warriors
  27 yaktaur captains
  16 hydras
  Harold (D:12)
  30 vault guards
  7 rakshasas
  Erolcha (D:9)
  7 servants of whispers (Desolation)
  12 ice dragons
  2 peacekeepers (Desolation)
  A hydra (shapeshifter) (Depths:4)
  3 ghost crabs
  2 catoblepae
  Erica (D:8)
  6 centaur warriors
  8 alligators
  An anaconda (shapeshifter) (Vaults:5)
  An alligator (shapeshifter) (Vaults:5)
  27 dancing weapons
  4 spriggan air magi
  12 anacondas
  15 ogre magi
  4 tengu warriors
  7 death knights
  11 deep troll earth magi
  45 two-headed ogres
  6 deep troll shamans
  6 spriggan berserkers
  3 orc high priests (Orc:2)
  13 vampire magi
  5 hell hogs
  8 death yaks (Lair:6)
  2 shock serpents
  16 naga sharpshooters
  A storm dragon zombie (Crypt:2)
  7 soul eaters
  3 iron golems (Hell)
  114 slime creatures
  12 sun demons
  2 salamander mystics (Snake:4)
  2 wretched stars (Abyss:3)
  Nergalle (D:12)
  37 deep elf knights
  A titan skeleton (Crypt:1)
  3 iron trolls
  14 hell knights
  The ghost of AAAAA the Grappler, a novice VSTm of Makhleb (D:8)
  5 shadow wraiths
  5 sixfirhies (Pan)
  32 skeletal warriors
  An anaconda zombie (Crypt:2)
  4 swamp dragons
  3 unseen horrors
  23 deep elf archers
  A deep troll (shapeshifter) (Depths:3)
  13 deep trolls
  A ghost moth zombie (Crypt:2)
  An unseen horror (shapeshifter) (Vaults:5)
  7 glowing orange brains
  An infernal demonspawn (Pan)
  A torturous demonspawn (Pan)
  7 flayed ghosts
  7 naga ritualists
  15 necromancers
  An anaconda skeleton (Hell)
  3 wizards
  17 orc knights
  A lindwurm (Lair:6)
  12 harpies
  23 ironbrand convokers
  4 shambling mangroves
  A mana viper (shapeshifter) (Vaults:3)
  A lindwurm (shapeshifter) (Vaults:5)
  13 phantasmal warriors
  15 mana vipers
  4 wolf spiders
  90 deep elf magi
  23 ugly things
  9 orc sorcerers
  5 shining eyes
  A cyclops (shapeshifter) (Vaults:3)
  A fire giant zombie (Crypt:2)
  5 cyclopes
  2 salamanders
  A frost giant zombie (Depths:1)
  2 iron dragon skeletons
  2 manticores
  7 moths of wrath (Zot:1)
  A salamander (shapeshifter) (Vaults:4)
  A fire giant skeleton (Hell)
  10 rust devils
  13 elephants
  2 ice statues (Hell)
  6 guardian serpents
  A guardian serpent (shapeshifter) (Vaults:1)
  44 black mambas
  17 vault sentinels
  10 naga magi
  4 centaur zombies
  3 torpor snails (Depths:2)
  24 spiny frogs
  A kobold demonologist (D:12)
  3 rime drakes
  2 dire elephant zombies
  2 smoke demons (Pan)
  An eye of devastation (Slime:3)
  6 orange demons (Pan)
  A spiny frog (shapeshifter) (Elf:3)
  4 molten gargoyles
  7 komodo dragons
  5 spectral swamp worms (Depths:3)
  4 tormentors (Pan)
  A hellwing (Pan)
  2 ice devils (Hell)
  An efreet (Zot:1)
  9 freezing wraiths
  86 yaktaurs
  A catoblepas skeleton (Crypt:1)
  2 anaconda simulacra
  A demonic crawler (Hell)
  3 polar bears
  6 red devils
  A harpy zombie (Hell)
  6 meliai
  A hydra zombie (Hell)
  A queen bee (shapeshifter) (Vaults:1)
  A merfolk (shapeshifter) (Elf:1)
  A queen bee (Abyss:3)
  A pale draconian skeleton (Crypt:1)
  2 jumping spiders (Vaults:4)
  12 trolls
  A hornet (shapeshifter) (Depths:4)
  3 hydra skeletons (Hell)
  An iron dragon simulacrum (Crypt:2)
  6 bog bodies
  16 hornets
  A satyr zombie (Crypt:1)
  13 large abominations
  6 tyrant leeches
  50 saltlings (Desolation)
  3 meliai zombies
  2 alligator zombies (Crypt:1)
  A sphinx simulacrum (Vaults:4)
  A dream sheep (shapeshifter) (Vaults:5)
  5 dream sheep (Lair:6)
  17 blink frogs
  A spectral manticore (Crypt:3)
  49 flying skulls
  9 hippogriffs
  2 ettin zombies
  3 fire dragon zombies
  A frost giant simulacrum (Vaults:4)
  8 shadows
  4 wyverns
  5 redbacks
  An alligator skeleton (Hell)
  10 air elementals
  2 vampires (Depths:1)
  11 spriggans
  4 ynoxinuls
  37 yaks
  13 water elementals
  2 wyverns (shapeshifter)
  A human (D:9)
  A fire bat (shapeshifter) (Vaults:5)
  2 basilisks (shapeshifter) (Vaults:1)
  A golden eye (shapeshifter) (Depths:2)
  7 wraiths
  6 basilisks
  5 fire elementals
  2 hogs (shapeshifter)
  8 fire bats (Volcano)
  7 hogs
  8 vampire mosquitoes
  A hungry ghost (D:10)
  2 steam dragons
  3 chaos spawn (Pan)
  A neqoxec (Pan)
  11 wargs
  An elf skeleton (Vaults:4)
  40 nagas
  2 acid dragons (Vaults:2)
  17 swamp worms
  12 insubstantial wisps
  6 hell hounds
  24 water moccasins
  A floating eye (Slime:5)
  A spiny frog zombie (Hell)
  A merfolk skeleton (Crypt:1)
  5 small abominations
  A floating eye (shapeshifter) (Vaults:3)
  A deep troll skeleton (Crypt:2)
  7 porcupines
  57 orc warriors
  A spiny frog skeleton (Crypt:2)
  9 swamp drakes
  2 eyes of draining (shapeshifter) (Vaults:3)
  3 sky beasts
  A black bear (shapeshifter) (Depths:2)
  4 black bears
  A dream sheep zombie (Crypt:2)
  6 eyes of draining
  A deep troll simulacrum (Depths:1)
  3 boggarts (Depths:2)
  6 ice beasts
  A fire dragon simulacrum (Crypt:3)
  9 necrophages
  16 centaurs
  3 phantoms
  42 ogres
  15 wolves
  3 big kobolds
  13 crocodiles
  A crocodile (shapeshifter) (Vaults:2)
  A cyclops zombie (Crypt:1)
  3 earth elementals
  16 bullfrogs
  6 scorpions
  12 killer bees
  18 wights
  5 howler monkeys
  An electric eel (D:15)
  12 crimson imps
  5 lava snakes (D:12)
  3 bullfrog zombies
  A starcursed mass (Abyss:3)
  4 quasits
  A human simulacrum (Vaults:1)
  4 hounds
  6 jellies
  30 orc priests
  2 bullfrog skeletons
  2 iron imps
  A human skeleton (Crypt:1)
  7 iguanas
  8 centaur skeletons
  Natasha (thrice) (D:2)
  37 orc wizards
  9 worker ants
  A killer bee zombie (D:5)
  A demigod zombie (Crypt:2)
  An acid dragon skeleton (Crypt:1)
  A felid zombie (Crypt:2)
  A hound zombie (D:5)
  A hound skeleton (D:9)
  2 howler monkey skeletons (D:9)
  11 gnolls
  A scorpion zombie (Crypt:1)
  16 adders
  3 shadow imps
  4 white imps
  2 ufetubi (Depths:3)
  3 oozes
  A barachi skeleton (Crypt:2)
  4 dart slugs
  5 leopard geckos
  146 orcs
  A ball python (Lair:2)
  7 giant cockroaches
  A giant cockroach (shapeshifter) (Vaults:4)
  6 goblins
  9 hobgoblins
  19 jackals
  5 quokkas
  7 bats
  9 frilled lizards
  A jackal skeleton (D:6)
  24 kobolds
  A leopard gecko skeleton (D:4)
  2 quokka skeletons
  7 rats
  A butterfly (Lair:4)
  4 crawling corpses (Vaults:5)
  A fungus (D:9)
  10 pillars of salt (Vaults:4)
  A plant (D:8)
  6 spectral weapons
2924 creatures vanquished.

Vanquished Creatures (collateral kills)
  2 juggernauts (Depths:4)
  Mennas (Vaults:4)
  A titan (Vaults:5)
  Frances (Snake:2)
  2 tengu reavers
  A shadow dragon (Vaults:5)
  A nagaraja (Snake:4)
  6 fire giants
  An iron dragon (Depths:4)
  6 frost giants
  A vault warden (Vaults:5)
  2 ironheart preservers (Vaults:5)
  4 very ugly things
  6 stone giants
  An entropy weaver (Vaults:5)
  A white draconian (Depths:5)
  A purple draconian (Depths:5)
  2 ettins
  A fire dragon (Depths:2)
  4 ogre magi
  A jiangshi (Depths:1)
  A deep elf high priest (Depths:2)
  2 ragged hierophants (Desolation)
  A servant of whispers (Desolation)
  A rakshasa (Depths:1)
  A peacekeeper (Desolation)
  A hydra (Swamp:4)
  A vault guard (Vaults:5)
  A naga warrior (Snake:4)
  An anaconda (Snake:4)
  5 two-headed ogres
  An alligator (Swamp:4)
  A death knight (Vaults:3)
  A spriggan berserker (Depths:4)
  2 deep troll shamans
  Urug (Lair:2)
  A death yak (Lair:6)
  A deep troll earth mage (Depths:5)
  2 naga sharpshooters
  2 wretched stars (Abyss:3)
  2 deep elf knights
  A salamander mystic (Snake:4)
  An iron troll (Zot:1)
  A deep troll (Depths:4)
  2 hell knights
  A wizard (Depths:1)
  A naga ritualist (Snake:1)
  A spriggan druid (Swamp:4)
  A deep elf archer (Elf:3)
  2 ironbrand convokers
  A flayed ghost (Vaults:4)
  2 swamp dragons (Swamp:4)
  2 large abominations
  A glowing orange brain (Depths:1)
  6 deep elf magi
  A necromancer (Depths:4)
  A mana viper (Snake:4)
  2 ugly things
  2 salamanders
  4 slime creatures
  5 black mambas
  2 moths of wrath (Zot:1)
  5 naga magi
  A spiny frog (Swamp:1)
  A torpor snail (Depths:2)
  A hellion (Abyss:3)
  A rime drake (Lair:4)
  A komodo dragon (Lair:6)
  An efreet (Zot:1)
  6 yaktaurs
  A red devil (Depths:3)
  2 hornets
  2 meliai (Abyss:3)
  3 trolls (Zot:1)
  4 blink frogs
  A bog body (Swamp:2)
  3 saltlings (Desolation)
  A tarantella (Vaults:5)
  A water elemental (Depths:1)
  5 yaks
  A chaos spawn (Abyss:3)
  2 neqoxecs
  2 insubstantial wisps (Swamp:2)
  6 nagas
  2 swamp worms
  A porcupine (Lair:4)
  An orc warrior (D:11)
  4 swamp drakes
  6 ogres
  A boggart (Depths:2)
  A big kobold (D:11)
  An earth elemental (Elf:2)
  A bullfrog (Lair:2)
  4 killer bees (Abyss:3)
  A crimson imp (D:11)
  A starcursed mass (Abyss:3)
  An orc wizard (D:11)
  An orc (Vaults:4)
  3 kobolds (D:11)
  A butterfly (Lair:4)
  3 fungi (Lair:2)
  A pillar of salt (Vaults:4)
200 creatures vanquished.

Vanquished Creatures (others)
  Jorgrun (Swamp:2)
  A deep elf blademaster (Zot:1)
  A deep elf master archer (Zot:1)
  2 fire giants
  A frost giant (Depths:4)
  A stone giant (Hell)
  An anaconda (Snake:4)
  2 deep elf knights
  2 deep elf magi
  A moth of wrath (Zot:1)
  A spiny frog (Swamp:2)
  A polar bear (shapeshifter) (Depths:4)
  A saltling (Desolation)
  A wraith (Crypt:3)
  A human (Lair:6)
  A spatial vortex (Depths:4)
  A water moccasin (Lair:6)
  An ogre (Zot:1)
  5 fungi
  7 plants
  21 spectral weapons
54 creatures vanquished.

Grand Total: 3178 creatures vanquished

Notes
Turn   | Place    | Note
-------+----------+-------------------------------------------
     0 | D:1      | Banto the Demonspawn Gladiator began the quest for the Orb.
     0 | D:1      | Reached XP level 1. HP: 16/16 MP: 1/1
   341 | D:1      | Gained mutation: Your flesh is heat resistant. (rF+) [demonic ancestry]
   341 | D:1      | Reached XP level 2. HP: 22/22 MP: 2/2
  1304 | D:1      | Reached XP level 3. HP: 11/27 MP: 3/3
  1927 | D:2      | Reached XP level 4. HP: 33/33 MP: 4/4
  2133 | D:2      | Gained mutation: You expend magic power (3 MP) to strengthen your wands. [potion of mutation]
  2133 | D:2      | Gained mutation: Your muscles are strong. (Str +2) [potion of mutation]
  2133 | D:2      | Gained mutation: You have an increased reservoir of magic. (+10% MP) [potion of mutation]
  2255 | D:2      | Noticed Natasha
  2263 | D:2      | Killed Natasha
  2263 | D:2      | Reached skill level 5 in Polearms
  2302 | D:2      | Found an ornate altar of the Wu Jian Council.
  2418 | D:2      | Gained mutation: You have sharp fingernails. [demonic ancestry]
  2418 | D:2      | Reached XP level 5. HP: 29/38 MP: 5/5
  2430 | D:2      | Found a deep blue altar of Sif Muna.
  2454 | D:2      | Noticed Natasha
  2458 | D:2      | Killed Natasha
  2495 | D:2      | Noticed Natasha
  2501 | D:2      | Killed Natasha
  2533 | D:3      | Found a shimmering altar of Xom.
  2533 | D:3      | Noticed an angel
  2535 | D:3      | Found a glowing silver altar of Zin.
  2676 | D:3      | Noticed Banto's ghost (amateur DsGl)
  3445 | D:3      | Gained mutation: You have very sharp fingernails. [demonic ancestry]
  3445 | D:3      | Reached XP level 6. HP: 28/44 MP: 6/6
  4040 | D:4      | Reached XP level 7. HP: 29/50 MP: 7/7
  4915 | D:4      | Found a blossoming altar of Fedhas.
  4915 | D:4      | Found a faded altar of an unknown god.
  4920 | D:4      | Found an iron altar of Okawaru.
  4922 | D:4      | Found a sparkling altar of Nemelex Xobeh.
  4923 | D:4      | Found a radiant altar of Vehumet.
  4928 | D:4      | Became a worshipper of Warmaster Okawaru
  5273 | D:5      | Entered Level 5 of the Dungeon
  5578 | D:5      | Found a staircase to the Ecumenical Temple.
  5609 | D:5      | Found Biti's General Store.
  5614 | D:5      | Bought a scroll of brand weapon for 240 gold pieces
  5994 | D:5      | Gained mutation: You are partially covered in slimy green scales. (AC +2) [demonic ancestry]
  5994 | D:5      | Reached XP level 8. HP: 46/56 MP: 8/8
  6334 | D:6      | Found Diqik's Antique Armour Shoppe.
  6716 | D:6      | Found a shimmering altar of Xom.
  6740 | D:6      | Reached * piety under Okawaru
  6777 | D:6      | Reached skill level 10 in Polearms
  7490 | D:7      | Reached XP level 9. HP: 48/61 MP: 9/9
  7509 | D:6      | Reached ** piety under Okawaru
  7759 | D:7      | Noticed an orc warlord
  8699 | D:7      | Found a hide-covered altar of Uskayaw.
  8699 | D:7      | Noticed a dagger
  8699 | D:7      | Noticed a hand axe
  8858 | D:7      | Found a sacrificial altar of Ru.
  8891 | D:7      | Found a sacrificial altar of Ru.
  8943 | D:7      | Found an ancient bone altar of Kikubaaqudgha.
  9156 | D:7      | Reached skill level 1 in Shields
  9484 | D:8      | Noticed AAAAA's ghost (novice VSTm)
  9645 | D:8      | Found a staircase to the Lair.
  9646 | D:8      | Noticed a komodo dragon
  9683 | D:8      | Killed a komodo dragon
  9718 | D:8      | Noticed Gastronok
  9836 | D:8      | Noticed Erica
  9880 | D:9      | Found a glowing golden altar of the Shining One.
 10278 | D:9      | Noticed Erolcha
 10297 | D:10     | Entered Level 10 of the Dungeon
 10487 | D:10     | Reached *** piety under Okawaru
 10690 | D:10     | Noticed Fannar
 10755 | D:9      | Noticed a two-headed ogre
 10796 | D:9      | Killed a two-headed ogre
 10796 | D:9      | Reached **** piety under Okawaru
 10796 | D:9      | Reached skill level 5 in Dodging
 10796 | D:9      | Gained mutation: When hurt, damage is shared between your health and your magic reserves. [demonic ancestry]
 10796 | D:9      | Reached XP level 10. HP: 13/67 MP: 7/11
 11113 | D:9      | Reached skill level 5 in Shields
 11397 | D:9      | Found an opulent altar of Gozag.
 11410 | D:9      | Noticed a two-headed ogre
 11441 | D:9      | Killed a two-headed ogre
 11523 | D:8      | Reached ***** piety under Okawaru
 11693 | D:8      | Killed AAAAA's ghost
 11859 | D:8      | Killed Erica
 11859 | D:8      | Received a gift from Okawaru
 12490 | D:7      | Gained mutation: You are mostly covered in slimy green scales. (AC +3) [demonic ancestry]
 12490 | D:7      | Reached XP level 11. HP: 72/72 MP: 12/12
 12643 | D:8      | Killed Gastronok
 12643 | D:8      | Reached skill level 10 in Dodging
 12727 | D:6      | Bought a fine leather armour for 231 gold pieces
 12737 | D:6      | Identified the cursed +1 leather armour "Lagiozaot" {Str+3} (You bought it in a shop on level 6 of the Dungeon)
 12737 | D:6      | Bought a runed ring mail for 231 gold pieces
 12840 | D:9      | Killed Erolcha
 13045 | D:9      | Reached ****** piety under Okawaru
 13083 | D:9      | Found a bloodstained altar of Trog.
 13282 | D:9      | Received a gift from Okawaru
 13448 | D:9      | Learned a level 1 spell: Animate Skeleton
 13521 | D:9      | Killed Fannar
 14171 | D:11     | Lost mutation: You expend magic power (3 MP) to strengthen your wands. [potion of mutation]
 14171 | D:11     | Lost mutation: You have an increased reservoir of magic. (+10% MP) [potion of mutation]
 14171 | D:11     | Gained mutation: You are dopey. (Int -2) [potion of mutation]
 14171 | D:11     | Lost mutation: Your muscles are strong. (Str +2) [potion of mutation]
 14171 | D:11     | Gained mutation: Your system is resistant to poisons. (rPois) [potion of mutation]
 14335 | D:11     | Killed an unseen horror
 14335 | D:11     | Reached skill level 5 in Invocations
 14628 | D:11     | Noticed a six-headed hydra
 14634 | D:11     | Killed a six-headed hydra
 14634 | D:11     | Reached skill level 5 in Necromancy
 14634 | D:11     | Gained mutation: You have claws for hands. [demonic ancestry]
 14634 | D:11     | Reached XP level 12. HP: 72/78 MP: 13/16
 14797 | D:11     | Found a staircase to the Orcish Mines.
 14940 | D:11     | Noticed a six-headed hydra
 14947 | D:11     | Killed a six-headed hydra
 15042 | D:11     | Received a gift from Okawaru
 15592 | Lair:1   | Entered Level 1 of the Lair of Beasts
 15603 | Lair:1   | Got a distressingly furry leather armour
 15614 | Lair:1   | Identified the +3 leather armour of Mufemp {rElec rF+ rC- Dex+3} (You found it on level 1 of the Lair of Beasts)
 16181 | Lair:2   | Found a staircase to the Snake Pit.
 16542 | Lair:2   | Received a gift from Okawaru
 16665 | Lair:2   | Noticed Urug
 17111 | Lair:2   | Gained mutation: You are immune to clouds of flame. [demonic ancestry]
 17111 | Lair:2   | Reached XP level 13. HP: 83/83 MP: 18/18
 17129 | Lair:2   | Killed Urug
 17169 | Lair:2   | Received a gift from Okawaru
 17268 | Lair:2   | Reached skill level 1 in Armour
 17383 | Lair:2   | Reached skill level 3 in Fighting
 18110 | Lair:3   | Reached skill level 4 in Fighting
 18821 | Lair:4   | Reached skill level 5 in Fighting
 19010 | Lair:4   | Lost mutation: You are dopey. (Int -2) [potion of mutation]
 19010 | Lair:4   | Lost mutation: Your system is resistant to poisons. (rPois) [potion of mutation]
 19010 | Lair:4   | Gained mutation: You are clumsy. (Dex -2) [potion of mutation]
 19010 | Lair:4   | Gained mutation: You possess an exceptional clarity of mind. [potion of mutation]
 19010 | Lair:4   | Gained mutation: You have a beak for a mouth. [potion of mutation]
 19010 | Lair:4   | Gained mutation: You are resistant to hostile enchantments. (MR+) [potion of mutation]
 19138 | Lair:4   | Found a staircase to the Swamp.
 19173 | Lair:4   | Reached skill level 6 in Fighting
 19486 | Lair:4   | Found a blossoming altar of Fedhas.
 19875 | Lair:5   | Reached skill level 5 in Armour
 19927 | Lair:5   | Received a gift from Okawaru
 19934 | Lair:5   | Identified a +0 pair of boots of running (Okawaru gifted it to you on level 5 of the Lair of Beasts)
 20316 | Lair:5   | Reached skill level 7 in Fighting
 20362 | Lair:5   | Found a dark tunnel.
 20385 | Volcano  | Entered a volcano
 20408 | Volcano  | Noticed a fire dragon
 20440 | Volcano  | Killed a fire dragon
 21231 | Lair:6   | Entered Level 6 of the Lair of Beasts
 21245 | Lair:6   | Reached skill level 8 in Fighting
 21271 | Lair:6   | Gained mutation: You regenerate magic rapidly. [demonic ancestry]
 21271 | Lair:6   | Reached XP level 14. HP: 105/105 MP: 19/19
 21827 | Lair:6   | Noticed Kirke
 21869 | Lair:6   | Killed Kirke
 22155 | Lair:6   | Found a viscous altar of Jiyva.
 22155 | Lair:6   | Found a staircase to the Slime Pits.
 22176 | Lair:6   | Reached skill level 9 in Fighting
 22233 | Lair:6   | Received a gift from Okawaru
 22272 | Lair:6   | Got a faintly humming chain mail {god gift}
 22490 | Lair:6   | Noticed an acid blob
 22502 | Lair:6   | Killed an acid blob
 22764 | Lair:6   | Reached skill level 10 in Fighting
 22794 | Lair:6   | Reached skill level 1 in Spellcasting
 23456 | D:12     | Found Vopaesch's Magic Scroll Boutique.
 23465 | D:12     | Bought a scroll of identify for 34 gold pieces
 23465 | D:12     | Bought a scroll of identify for 34 gold pieces
 23465 | D:12     | Bought a scroll of identify for 34 gold pieces
 23465 | D:12     | Bought a scroll of identify for 34 gold pieces
 23465 | D:12     | Identified the +7 chain mail of Cloud Cover {MR- Int+3 Dex+3 Slay+4} (Okawaru gifted it to you on level 6 of the Lair of Beasts)
 23468 | D:12     | Bought a scroll of teleportation for 51 gold pieces
 23500 | D:12     | Found Xuk Yvvye's Armour Emporium.
 23689 | D:12     | Noticed Harold
 23698 | D:12     | Killed Harold
 23840 | D:12     | Received a gift from Okawaru
 23864 | D:12     | Reached skill level 10 in Armour
 23932 | D:12     | Noticed Nergalle
 23943 | D:12     | Killed Nergalle
 23979 | D:12     | HP: 3/110 [rakshasa/orb of energy (17)]
 24844 | D:13     | Gained mutation: Your mind is acute. (Int +2) [mutagenic meat]
 24845 | D:13     | Gained mutation: Your spells are a little easier to cast, but a little less powerful. [mutagenic meat]
 24846 | D:13     | Gained mutation: You are somewhat resistant to further mutation. [mutagenic meat]
 24849 | D:13     | Gained mutation: Your mind is very acute. (Int +4) [mutagenic meat]
 24954 | D:13     | Noticed Azrael
 24976 | D:13     | Killed Azrael
 25061 | D:13     | Gained mutation: Your demonic aura causes spilled blood to erupt in flames. [demonic ancestry]
 25061 | D:13     | Reached XP level 15. HP: 52/115 MP: 13/20
 25298 | D:13     | Found a shimmering altar of Xom.
 25572 | D:13     | Noticed Rupert
 25980 | Orc:1    | Entered Level 1 of the Orcish Mines
 26561 | Orc:2    | Entered Level 2 of the Orcish Mines
 26601 | Orc:2    | Found a labyrinth entrance.
 26610 | Lab      | Entered a labyrinth
 27222 | Lab      | Reached skill level 11 in Fighting
 27264 | Orc:2    | Noticed Nessos
 27282 | Orc:2    | Killed Nessos
 27860 | Orc:2    | Found a staircase to the Elven Halls.
 28237 | Orc:2    | Noticed an orc warlord
 28293 | Orc:2    | Killed an orc warlord
 28293 | Orc:2    | Received a gift from Okawaru
 28302 | Orc:2    | Reached skill level 12 in Fighting
 28307 | Orc:2    | Received a gift from Okawaru
 28438 | Orc:2    | Found Ineyppor's Antique Armour Shop.
 28442 | Orc:2    | Found Sabboiw's Antique Weapon Boutique.
 28444 | Orc:2    | Found Myetes's General Store.
 28444 | Orc:2    | Found Cowiggeo's Book Shop.
 28460 | Orc:2    | Bought a book of Unlife for 910 gold pieces
 28475 | Orc:2    | Bought an ichor-stained leather armour for 273 gold pieces
 28475 | Orc:2    | Bought a shiny buckler for 292 gold pieces
 28499 | Orc:2    | Identified the +1 leather armour "Noatunun" {Dex+2} (You bought it in a shop on level 2 of the Orcish Mines)
 28515 | Orc:2    | Learned a level 4 spell: Animate Dead
 28521 | Orc:2    | Learned a level 5 spell: Cigotuvi's Embrace
 28528 | Orc:2    | Learned a level 6 spell: Death Channel
 29321 | D:14     | Found a gate to the Vaults.
 29887 | D:15     | Entered Level 15 of the Dungeon
 29971 | D:15     | Reached skill level 5 in Spellcasting
 30096 | D:15     | Noticed Louise
 30421 | D:15     | Killed Louise
 30583 | D:15     | Received a gift from Okawaru
 30586 | D:15     | Got a warped scale mail {god gift}
 30811 | D:15     | Reached skill level 10 in Necromancy
 30834 | D:15     | Found a staircase to the Depths.
 31111 | D:15     | Reached XP level 16. HP: 126/129 MP: 25/25
 31502 | Swamp:1  | Entered Level 1 of the Swamp
 32385 | Swamp:1  | Paralysed by a hornet for 3 turns
 32388 | Swamp:1  | HP: 5/129 [shambling mangrove (6)]
 32943 | Swamp:2  | Noticed Nikola
 32944 | Swamp:2  | Noticed Roxanne
 32944 | Swamp:2  | Noticed Jorgrun
 32980 | Swamp:2  | Killed Jorgrun
 32990 | Swamp:2  | Killed Nikola
 33474 | Swamp:2  | Paralysed by a hornet for 2 turns
 33493 | Swamp:2  | Noticed a thorn hunter
 34348 | Swamp:2  | Received a gift from Okawaru
 34349 | Swamp:2  | Got a scorched scarf {god gift}
 34360 | Swamp:2  | Identified the scarf of Bualops {+Fly rC+ Str-5 SInv} (Okawaru gifted it to you on level 2 of the Swamp)
 34384 | Swamp:2  | Noticed Aizul
 34413 | Swamp:2  | Killed Aizul
 35200 | Swamp:2  | Learned a level 3 spell: Ozocubu's Armour
 35259 | Swamp:2  | Killed a thorn hunter
 35720 | Swamp:3  | Noticed a thorn hunter
 35748 | Swamp:3  | Killed a thorn hunter
 35748 | Swamp:3  | Reached skill level 1 in Charms
 35748 | Swamp:3  | Reached skill level 1 in Ice Magic
 36375 | Swamp:4  | Entered Level 4 of the Swamp
 36474 | Swamp:4  | Got a slimy helmet
 36475 | Swamp:4  | Identified the +0 helmet of Mudeeheife {Str+4 SInv} (You found it on level 4 of the Swamp)
 36629 | Swamp:4  | Received a gift from Okawaru
 37430 | Swamp:4  | Noticed the 27-headed Lernaean hydra
 37438 | Swamp:4  | Killed the 27-headed Lernaean hydra
 37438 | Swamp:4  | Reached skill level 5 in Charms
 37438 | Swamp:4  | Gained mutation: You resist negative energy. (rN+) [demonic ancestry]
 37438 | Swamp:4  | Reached XP level 17. HP: 56/135 MP: 26/26
 37533 | Swamp:4  | Got a decaying rune of Zot
 37995 | Snake:1  | Entered Level 1 of the Snake Pit
 38029 | Snake:1  | Reached skill level 5 in Ice Magic
 38359 | Snake:1  | Received a gift from Okawaru
 39569 | Snake:2  | Noticed Vashnia
 39603 | Snake:2  | Killed Vashnia
 39655 | Snake:2  | Noticed Frances
 39664 | Snake:2  | Killed Frances
 39728 | Snake:2  | Received a gift from Okawaru
 40493 | Orc:2    | Bought a book of Enchantments for 700 gold pieces
 40499 | Orc:2    | Learned a level 5 spell: Silence
 40649 | Elf:1    | Entered Level 1 of the Elven Halls
 40687 | Elf:1    | Reached skill level 1 in Air Magic
 40690 | Elf:1    | Found a radiant altar of Vehumet.
 40777 | Elf:1    | Reached skill level 1 in Hexes
 41098 | Elf:1    | Found Diuci's Book Shop.
 41335 | Elf:1    | Received a gift from Okawaru
 41477 | Elf:1    | Found a portal to a secret trove of treasure.
 42115 | Elf:1    | Reached skill level 5 in Hexes
 42228 | Elf:1    | Reached XP level 18. HP: 132/141 MP: 27/27
 42461 | Elf:1    | Reached skill level 5 in Air Magic
 42782 | Elf:2    | HP: 7/141 [deep elf archer/arrow (11)]
 43075 | Elf:2    | Lost mutation: Your mind is very acute. (Int +4) [potion of mutation]
 43075 | Elf:2    | Lost mutation: You possess an exceptional clarity of mind. [potion of mutation]
 43075 | Elf:2    | Lost mutation: You are clumsy. (Dex -2) [potion of mutation]
 43075 | Elf:2    | Lost mutation: Your spells are a little easier to cast, but a little less powerful. [potion of mutation]
 43075 | Elf:2    | Lost mutation: Your mind is acute. (Int +2) [potion of mutation]
 43075 | Elf:2    | Lost mutation: You are somewhat resistant to further mutation. [potion of mutation]
 43075 | Elf:2    | Gained mutation: You have sharp toenails. [potion of mutation]
 43076 | Elf:2    | Lost mutation: You have a beak for a mouth. [potion of mutation]
 43076 | Elf:2    | Lost mutation: You have sharp toenails. [potion of mutation]
 43076 | Elf:2    | Lost mutation: You are resistant to hostile enchantments. (MR+) [potion of mutation]
 43076 | Elf:2    | Gained mutation: You are agile. (Dex +2) [potion of mutation]
 43076 | Elf:2    | Gained mutation: Your system is resistant to poisons. (rPois) [potion of mutation]
 43139 | Elf:2    | Found Hiajo's Assorted Antiques.
 43180 | Elf:2    | Bought a scroll of magic mapping for 94 gold pieces
 43272 | Elf:2    | Received a gift from Okawaru
 43439 | Elf:2    | Noticed Saint Roka
 43492 | Elf:2    | Killed Saint Roka
 43686 | Elf:2    | Found a runed gate.
 43686 | Elf:2    | Found a runed gate.
 43686 | Elf:2    | Found a runed gate.
 43767 | Elf:2    | Received a gift from Okawaru
 44877 | Elf:3    | Entered Level 3 of the Elven Halls
 44971 | Elf:3    | Found Fateopu's Assorted Antiques.
 45135 | Elf:3    | Found Pegaor Xore's General Store.
 45138 | Elf:3    | Bought a potion of mutation for 104 gold pieces
 45468 | Elf:3    | Found Juhoeff's Antique Weapon Boutique.
 45479 | Elf:3    | Found Veixavay's Distillery.
 45482 | Elf:3    | Bought a potion of mutation for 160 gold pieces
 45482 | Elf:3    | Bought a potion of mutation for 160 gold pieces
 45482 | Elf:3    | Bought a potion of curing for 60 gold pieces
 45482 | Elf:3    | Bought a potion of curing for 60 gold pieces
 45565 | Elf:3    | Received a gift from Okawaru
 46272 | Elf:3    | Received a gift from Okawaru
 46273 | Elf:3    | Got a jewelled hat {god gift}
 46284 | Elf:3    | Reached skill level 10 in Charms
 46297 | Elf:3    | Reached XP level 19. HP: 120/147 MP: 28/28
 46344 | Elf:3    | Learned a level 6 spell: Deflect Missiles
 46346 | Elf:3    | Identified the +1 hat "Xoiceorch" {-Cast +Blink rCorr SInv} (Okawaru gifted it to you on level 3 of the Elven Halls)
 46619 | Elf:3    | Got a citrine-encrusted troll leather armour
 46682 | Elf:3    | Identified the cursed +1 troll leather armour of Sunlight {Regen+ MP+9 Int+4} (You took it off a deep elf sorcerer on level 3 of the Elven Halls)
 46711 | Elf:3    | Got a warped jade ring
 46713 | Elf:3    | Identified the ring of Curiosity {rC+ Dex+4} (You found it on level 3 of the Elven Halls)
 47158 | Snake:2  | Reached skill level 10 in Air Magic
 47588 | Snake:3  | Found a hazy altar of Hepliaklqana.
 48145 | Snake:4  | Entered Level 4 of the Snake Pit
 48250 | Snake:4  | Received a gift from Okawaru
 49195 | Snake:4  | Got a serpentine rune of Zot
 49737 | Vaults:1 | Entered Level 1 of the Vaults
 50072 | Vaults:1 | Received a gift from Okawaru
 50256 | D:14     | Reached XP level 20. HP: 131/154 MP: 29/29
 50281 | Vaults:1 | Received a gift from Okawaru
 50576 | Vaults:1 | Received a gift from Okawaru
 50874 | Vaults:1 | Found a basalt altar of Yredelemnul.
 52551 | Vaults:2 | Received a gift from Okawaru
 52552 | Vaults:2 | Got a shimmering shield {god gift}
 52972 | Vaults:2 | Identified the +3 shield "Fobreluo" {-Tele rPois MR+ Int+3} (Okawaru gifted it to you on level 2 of the Vaults)
 53197 | Vaults:2 | Found a staircase to the Crypt.
 53462 | Vaults:3 | Noticed Mennas
 54160 | Vaults:4 | Reached XP level 21. HP: 101/160 MP: 27/30
 54545 | Vaults:4 | Found a ruined gateway.
 54554 | Desolati | Entered the Desolation of Salt
 54722 | Desolati | Received a gift from Okawaru
 54943 | Desolati | Identified Juiletec's Reference Book on Dark Calling
 54949 | Desolati | Got a fine bone amulet
 54950 | Desolati | Identified the amulet of the Demon Prince {Faith Dex+4} (You found it in the Desolation of Salt)
 55345 | Desolati | Got a scorched iron ring
 55347 | Desolati | Identified the cursed ring "Vywn" {rN+ Str-4 Int+4 Dex+3 Slay+3} (You found it in the Desolation of Salt)
 55350 | Desolati | Got a warped scale mail
 55361 | Desolati | Identified the +4 scale mail of the Shining Light {*Drain Regen+ Str+9 Slay+5} (You found it in the Desolation of Salt)
 55955 | Vaults:4 | Received a gift from Okawaru
 57931 | Vaults:3 | Reached skill level 15 in Dodging
 57931 | Vaults:3 | Gained mutation: You are completely covered in slimy green scales. (AC +4, rPois) [demonic ancestry]
 57931 | Vaults:3 | Reached XP level 22. HP: 161/167 MP: 31/31
 58092 | Vaults:3 | Received a gift from Okawaru
 58402 | Vaults:4 | Killed Mennas
 58682 | Depths:1 | Entered Level 1 of the Depths
 58682 | Depths:1 | Found a one-way gate to the infinite horrors of the Abyss.
 58773 | Depths:1 | Reached skill level 15 in Armour
 58808 | Depths:1 | Found a gateway to Hell.
 59046 | Depths:1 | Found a gateway to a ziggurat.
 59294 | Depths:1 | Found Tekoabbe's Blood Bar.
 59518 | Depths:1 | Found Nauginiu's Magic Scroll Boutique.
 59627 | Depths:2 | Received a gift from Okawaru
 60145 | Depths:2 | Got a bloodstained chain mail {god gift}
 60416 | Depths:2 | Received a gift from Okawaru
 60458 | Depths:2 | Found a snail-covered altar of Cheibriados.
 60521 | Depths:2 | Identified the Guide on Helpful Darkness
 60788 | Depths:2 | Reached XP level 23. HP: 173/173 MP: 32/32
 60967 | Depths:3 | Found Yntabb's Food Emporium.
 60971 | Depths:3 | Found Bupeenu's Book Shoppe.
 61127 | Depths:3 | Gained mutation: Your spells are a little easier to cast, but a little less powerful. [a neqoxec]
 61153 | Depths:3 | Found a one-way gate leading to the halls of Pandemonium.
 61209 | Depths:3 | Received a gift from Okawaru
 61716 | Depths:4 | Noticed Jory
 61739 | Depths:4 | Cast into level 3 of the Abyss (Jory)
 61741 | Abyss:3  | Found a corrupted altar of Lugonu.
 61744 | Abyss:3  | Found a corrupted altar of Lugonu.
 61798 | Abyss:3  | Got an abyssal rune of Zot
 61981 | Depths:4 | Escaped the Abyss
 62006 | Depths:4 | Killed Jory
 62063 | Depths:4 | Found a flickering gateway to a bazaar.
 62074 | Bazaar   | Entered a bazaar
 62077 | Bazaar   | Found Hoin Wieqo's Armour Emporium.
 62112 | Bazaar   | Found Mauptakk's Armour Emporium.
 62130 | Bazaar   | Found Abbengoh's Magic Scroll Shoppe.
 62203 | Bazaar   | Found Biolel's Weapon Shoppe.
 62258 | Bazaar   | Bought a +2 buckler of reflection for 166 gold pieces
 62348 | Bazaar   | Bought a scroll of identify for 20 gold pieces
 62348 | Bazaar   | Bought a scroll of enchant armour for 75 gold pieces
 62348 | Bazaar   | Bought a scroll of identify for 20 gold pieces
 62559 | Depths:4 | Received a gift from Okawaru
 62821 | Depths:4 | Received a gift from Okawaru
 63010 | Depths:4 | Found a corrupted altar of Lugonu.
 63581 | Depths:4 | Noticed a juggernaut
 63599 | Depths:4 | Killed a juggernaut
 63599 | Depths:4 | Received a gift from Okawaru
 63621 | Depths:4 | Noticed a caustic shrike
 63628 | Depths:4 | Killed a caustic shrike
 63633 | Depths:4 | Noticed a juggernaut
 63648 | Depths:4 | Killed a juggernaut
 63648 | Depths:4 | Gained mutation: When low on magic, you restore magic in place of health. [demonic ancestry]
 63648 | Depths:4 | Reached XP level 24. HP: 82/180 MP: 4/32
 64272 | Elf:1    | You paid a toll of +3 storm dragon scales to enter a treasure trove
 64273 | Trove    | Entered a treasure trove
 64315 | Trove    | Got a crude tin ring
 64317 | Trove    | Got a faintly glowing pewter ring
 64319 | Trove    | Got an ichor-stained shield
 64334 | Trove    | Got an ichor-stained plate armour
 64356 | Elf:1    | Identified the ring "Ohaun" {EV+3 Dex+4 Stlth+} (You found it in a treasure trove)
 64358 | Elf:1    | Identified the ring "Miehy" {+Fly rF+ rC+ Str+4 Dex-3} (You found it in a treasure trove)
 64364 | Elf:1    | Identified the +0 shield "Merphat" {+Fly rC+++ Str-4 Stlth+} (You found it in a treasure trove)
 64761 | Crypt:1  | Entered Level 1 of the Crypt
 64829 | Crypt:1  | Noticed Boris
 64874 | Crypt:1  | Killed Boris
 64971 | Crypt:1  | Received a gift from Okawaru
 65506 | Crypt:2  | Noticed Boris
 65541 | Crypt:2  | Killed Boris
 66621 | Crypt:3  | Entered Level 3 of the Crypt
 67077 | Crypt:3  | Found a basalt altar of Yredelemnul.
 67105 | Crypt:3  | Reached skill level 13 in Fighting
 67218 | Crypt:3  | Received a gift from Okawaru
 67454 | Crypt:3  | Learned a level 3 spell: Regeneration
 67459 | Crypt:3  | Learned a level 3 spell: Spectral Weapon
 67483 | Crypt:3  | Received a gift from Okawaru
 67483 | Crypt:3  | Reached skill level 14 in Fighting
 67585 | Crypt:3  | Identified the Handbook of Igneous Feathers
 67772 | Crypt:3  | Gained mutation: You are somewhat able to resist unholy torments (1 in 2 success). [demonic ancestry]
 67772 | Crypt:3  | Reached XP level 25. HP: 151/193 MP: 32/32
 67783 | Crypt:3  | Reached skill level 15 in Fighting
 67921 | Crypt:3  | Found a staircase to the Tomb.
 68082 | Crypt:1  | Noticed an ancient lich
 68098 | Crypt:1  | Killed an ancient lich
 68494 | Vaults:4 | Reached skill level 16 in Fighting
 68535 | Vaults:5 | Entered Level 5 of the Vaults
 68545 | Vaults:5 | Received a gift from Okawaru
 68594 | Vaults:5 | Received a gift from Okawaru
 68602 | Vaults:5 | Reached skill level 17 in Fighting
 68629 | Vaults:5 | Noticed an ancient lich
 68655 | Vaults:5 | Killed an ancient lich
 68675 | Vaults:5 | Reached skill level 18 in Fighting
 68971 | Vaults:5 | Received a gift from Okawaru
 68994 | Vaults:5 | Identified the Almanac of Unstable Battle Magic
 69046 | Vaults:5 | Got a wavering platinum ring
 69049 | Vaults:5 | Identified the ring "Roizanua" {+Inv rC+ Dex+4} (You found it on level 5 of the Vaults)
 69120 | Vaults:5 | Noticed an ancient lich
 69140 | Vaults:5 | Killed an ancient lich
 69140 | Vaults:5 | Reached skill level 19 in Fighting
 69146 | Vaults:5 | Noticed Xtahua
 69162 | Vaults:5 | Killed Xtahua
 69180 | Vaults:5 | Identified Sif Muna's Guide on Damaging Stones
 69272 | Vaults:5 | Noticed Sojobo
 69303 | Vaults:5 | Killed Sojobo
 69303 | Vaults:5 | Gained mutation: Your melee attacks may debilitate your foes. [demonic ancestry]
 69303 | Vaults:5 | Reached XP level 26. HP: 149/217 MP: 32/32
 69305 | Vaults:5 | Received a gift from Okawaru
 69306 | Vaults:5 | Got a faintly glowing plate armour {god gift}
 69569 | Vaults:5 | Noticed an ancient lich
 69590 | Vaults:5 | Killed an ancient lich
 69590 | Vaults:5 | Reached skill level 20 in Fighting
 69808 | Vaults:5 | Noticed an ancient lich
 69821 | Vaults:5 | Killed an ancient lich
 70105 | Vaults:5 | Got a scorched helmet
 70108 | Vaults:5 | Got a silver rune of Zot
 70122 | Vaults:5 | Identified the +1 helmet "Tokohuob" {rC+ SInv} (You found it on level 5 of the Vaults)
 70761 | Depths:5 | Entered Level 5 of the Depths
 70813 | Depths:5 | Reached skill level 21 in Fighting
 71236 | Depths:5 | Received a gift from Okawaru
 71237 | Depths:5 | Got a distressingly furry chain mail {god gift}
 71379 | Depths:5 | Got a faintly glowing helmet
 71440 | Depths:5 | Identified the +2 helmet of Papsotin {+Blink Slay+3} (You found it on level 5 of the Depths)
 71720 | Depths:5 | Reached skill level 22 in Fighting
 71822 | Depths:5 | Found a gate to the Realm of Zot.
 71867 | Depths:5 | Got a translucent chain mail
 72380 | Slime:1  | Entered Level 1 of the Pits of Slime
 72737 | Slime:4  | Gained mutation: You are weak. (Str -2) [a shining eye]
 72790 | Slime:5  | Entered Level 5 of the Pits of Slime
 72840 | Slime:4  | Reached skill level 23 in Fighting
 72981 | Slime:5  | Found a viscous altar of Jiyva.
 72981 | Slime:5  | Noticed the Royal Jelly
 73001 | Slime:5  | Killed the Royal Jelly
 73001 | Slime:5  | Received a gift from Okawaru
 73001 | Slime:5  | Reached XP level 27. HP: 98/235 MP: 22/32
 73265 | Slime:5  | Got a slimy rune of Zot
 73306 | Slime:5  | Got a shimmering helmet
 73315 | Slime:5  | Identified the cursed +0 helmet of the Big Bang {rF+ rC+ MR- Dex+2} (You found it on level 5 of the Pits of Slime)
 73323 | Slime:5  | Got a scorched ring mail
 73324 | Slime:5  | Identified the +2 ring mail of the Wilderness {MR+ Dex+4 Slay+3} (You found it on level 5 of the Pits of Slime)
 73349 | Slime:5  | Received a gift from Okawaru
 73408 | Slime:5  | Gained mutation: You are dopey. (Int -2) [a shining eye]
 73415 | Slime:5  | Lost mutation: You are dopey. (Int -2) [potion of mutation]
 73415 | Slime:5  | Lost mutation: You are agile. (Dex +2) [potion of mutation]
 73415 | Slime:5  | Gained mutation: You have large cloven feet. [potion of mutation]
 73415 | Slime:5  | Gained mutation: You are occasionally teleported next to monsters. [potion of mutation]
 73415 | Slime:5  | Gained mutation: You have hoof-like feet. [potion of mutation]
 73415 | Slime:5  | Gained mutation: You are agile. (Dex +2) [potion of mutation]
 73416 | Slime:5  | Lost mutation: You are agile. (Dex +2) [potion of mutation]
 73416 | Slime:5  | Lost mutation: You are weak. (Str -2) [potion of mutation]
 73416 | Slime:5  | Lost mutation: Your spells are a little easier to cast, but a little less powerful. [potion of mutation]
 73416 | Slime:5  | Lost mutation: You are occasionally teleported next to monsters. [potion of mutation]
 73416 | Slime:5  | Lost mutation: Your system is resistant to poisons. (rPois) [potion of mutation]
 73416 | Slime:5  | Lost mutation: You have hoof-like feet. [potion of mutation]
 73416 | Slime:5  | Gained mutation: You passively map a small area around you. [potion of mutation]
 73416 | Slime:5  | Gained mutation: Potions are less effective at restoring your health. [potion of mutation]
 73416 | Slime:5  | Gained mutation: Your flesh is very heat resistant. (rF++) [potion of mutation]
 73416 | Slime:5  | Gained mutation: Your mind is acute. (Int +2) [potion of mutation]
 73497 | Slime:1  | Lost mutation: Your mind is acute. (Int +2) [a shining eye]
 73803 | D:7      | Fell from the grace of Okawaru
 73803 | D:7      | Became a worshipper of Kikubaaqudgha
 74163 | Zot:1    | Entered Level 1 of the Realm of Zot
 74365 | Zot:1    | Reached skill level 24 in Fighting
 74401 | Zot:1    | Reached * piety under Kikubaaqudgha
 74401 | Zot:1    | Identified Kikubaaqudgha's Almanac of Darkness (Kikubaaqudgha gifted it to you on level 1 of the Realm of Zot)
 74401 | Zot:1    | Received a gift from Kikubaaqudgha
 74541 | Zot:1    | Reached ** piety under Kikubaaqudgha
 75123 | Zot:1    | Reached skill level 25 in Fighting
 75536 | Hell     | Entered the Vestibule of Hell
 75538 | Hell     | Noticed Geryon
 75686 | Hell     | Killed Geryon
 76609 | Depths:4 | Reached *** piety under Kikubaaqudgha
 76609 | Depths:4 | Identified Kikubaaqudgha's Almanac of Black Arts (Kikubaaqudgha gifted it to you on level 4 of the Depths)
 76609 | Depths:4 | Received a gift from Kikubaaqudgha
 77145 | Hell     | Found a gateway to the ashen valley of Gehenna.
 77153 | Hell     | Reached skill level 26 in Fighting
 77378 | Hell     | Found a gateway to the decaying netherworld of Tartarus.
 77475 | Hell     | Reached **** piety under Kikubaaqudgha
 77751 | Hell     | Found a gateway to the Iron City of Dis.
 78087 | Hell     | Found a gateway to the freezing wastes of Cocytus.
 78288 | Pan      | Entered Pandemonium
 78456 | Pan      | Noticed Muiwaak the pandemonium lord
 78471 | Pan      | Killed Muiwaak the pandemonium lord
 78483 | Pan      | Gained mutation: Your body sometimes deteriorates upon taking damage. [a cacodemon]
 78505 | Pan      | Gained mutation: You do not regenerate when monsters are visible. [a cacodemon]
 78515 | Pan      | Reached ***** piety under Kikubaaqudgha
 78699 | Pan      | Gained mutation: You are frail. (-10% HP) [a cacodemon]
 78725 | Pan      | Reached skill level 27 in Fighting
 78857 | Pan      | Found an exit through the horrors of the Abyss.
 78996 | Pan      | Identified a scroll of acquirement
 79033 | Pan      | Gained mutation: You are clumsy. (Dex -2) [a cacodemon]
 79150 | Pan      | Gained mutation: You occasionally shout uncontrollably at your foes. [a cacodemon]
 79249 | Pan      | Gained mutation: You are very frail. (-20% HP) [a cacodemon]
 79593 | Pan      | Noticed Ugew the pandemonium lord
 79618 | Pan      | Killed Ugew the pandemonium lord
 79648 | Pan      | HP: 1/199 [angel/whip of holy wrath (18)]
 79648 | Pan      | Slain by an angel

Vault maps used:
D:1:      dpeg_arrival_renting, minivault_23, minmay_lizard_pond
D:2:      led_sif_pool, marbit_many_paths, first_bread, uniq_natasha
D:3:      grunt_temple_overflow_order_and_chaos_1, minmay_unequal
D:4:      chequers_temple_overflow_minitemple
D:5:      temple_doors_e, serial_shops, shop
D:6:      serial_shops, shop, lemuel_statue_altar
D:7:      lemuel_castle_with_subvaults, dancing_weapons_uskayaw,
          kiku_gazebo_garden_becter, nicolae_ru_path_of_blood, basic_altar
D:8:      david_lair_shrubbed, uniq_gastronok, uniq_erica
D:9:      nicolae_gozag_seed_capital, tso_metal_star,
          nicolae_overflow_crystal_walls, grunt_livestock,
          minmay_gold_behind_fungi, uniq_erolcha
D:10:     uniq_fannar
D:11:     erik_orc_1
D:12:     cheibrodos_magma_flow, serial_shops, shop_fountains, shop,
          corexii_checkpoint_a, uniq_harold, uniq_nergalle
D:13:     brannock_xom_greatest_gift, uniq_azrael, uniq_rupert
D:14:     david_vaults_5, hex_tiny
D:15:     grunt_enter_depths_hoard, kennysheep_crisscross, uniq_louise
Lair:1:   fungi_pond_lemuel
Lair:2:   minmay_snake_entry_six_corridors, grunt_forest_stairs_clearing,
          lemuel_fruit_tree, uniq_urug
Lair:4:   minmay_swamp_entry_worms, tgw_fedhas, lemuel_fruit_fields
Lair:5:   nicolae_volcano_entry_two_sided
Lair:6:   grunt_lair_end_beastmaster, slime_altar_1, grunt_megastairs_1,
          uniq_kirke
Swamp:1:  nicolae_swamp_treefoil
Swamp:2:  evilmike_swamp_ruin_house_3, swamp_pool3, uniq_nikola, uniq_roxanne,
          uniq_aizul, uniq_jorgrun
Swamp:3:  hangedman_swamp_lotus
Swamp:4:  swamp_old_school
Snake:1:  spider_trap
Snake:2:  st_stairs_1, uniq_vashnia, uniq_frances
Snake:3:  basic_altar, grunt_megastairs_2
Snake:4:  johnstein_snake_rune_scales
Slime:2:  nicolae_slime_barrier
Slime:3:  cheibrodos_slime_lost_civilization_6
Slime:4:  cheibrodos_slime_lost_civilization_7
Orc:2:    st_orc_congregation, special_room, lab_entry_generic, uniq_nessos
Elf:1:    eino_elf_arrival_sip, trove_entry_hex_spiral, serial_shops, shop,
          evilmike_minifort, david_defended_altar_elf
Elf:2:    serial_shops, nicolae_shop_competitors_out_of_business,
          minmay_misc_feat_five, uniq_saint_roka
Elf:3:    minmay_elf_hall_dome, serial_shops,
          nicolae_shop_competitors_out_of_business, nicolae_shop_statue_plus,
          nicolae_shop_behind_doors, nicolae_shop_crystal
Vaults:1: grunt_vaults_trifunnel, grunt_vaults_focal, ontoclasm_vaults_tryst,
          nicolae_vaults_asterisk, dpeg_vaults_waves, vaults_room_boxed,
          vaults_room_pools, hangedman_vaults_trim, hangedman_vaults_locks,
          v_misc_11, ontoclasm_vaults_bender, vaults_room_door_ring, basic_altar
Vaults:2: v_rooms_4, minmay_crypt_entry_simple_statues, ontoclasm_vaults_eye,
          v_misc_4, nicolae_vaults_little_squares_3, vaults_dpeg_ring,
          nicolae_vaults_little_squares_1
Vaults:3: ontoclasm_vaults_gateway, hangedman_vaults_unwind, v_rooms_3,
          v_misc_25, nicolae_vaults_little_ls, v_misc_23,
          vaults_standard_mumra_lines, v_misc_22, hangedman_vaults_restitches,
          hangedman_vaults_impose, ontoclasm_vaults_decontamination,
          vaults_mumra_minichess, v_misc_19, v_pattern_1, uniq_mennas
Vaults:4: nicolae_vaults_minivaults, grunt_vaults_hallway_short,
          vaults_dpeg_doors, vaults_mumra_chevron_long, grunt_vaults_twisty,
          vaults_room_door_ring, hangedman_vaults_nodes, stair_cage_open,
          nicolae_vaults_alarming, v_pattern_4, portal_desolation_entry_garden
Vaults:5: uniq_xtahua, uniq_sojobo
Crypt:1:  gammafunk_the_bubble, grunt_crypt_arrival_split, uniq_boris
Crypt:2:  uniq_boris
Crypt:3:  grunt_crypt_end_deaths_head
Depths:1: ziggurat_fallback, serial_shops, kennysheep_mini, abyss_entry_crystal,
          kennysheep_flooded_box, hell_entry, guppyfry_shop_blood
Depths:2: pf_snail_temple, kennysheep_another_room, hell_entry,
          minmay_staircase_bubble
Depths:3: kennysheep_six_static_rooms, grunt_pan_entry_spiral,
          pf_hell_entry_tar_river, minmay_shoptagon,
          minmay_staircase_windowed_large
Depths:4: minmay_nested_s, serial_shops, bzr_entry_islet, hell_entry,
          abyss_entry_flame_altar, nrook_pool_corridor, minmay_misc_feat_square,
          st_stairs_14, uniq_jory
Depths:5: grunt_zot_entry_gee_three, hell_entry, dk_noncrumbling_2,
          minmay_statues_item, minivault_1
Zot:1:    lemuel_halls_of_wrath, lemuel_baited_zot_trap, st_stairs_1
Abyss:3:  evilmike_abyss_exit_mutagenic
Pan:      evilmike_mini_pan_3x3, rand_demon_4, regret_index_pan_draining_boxed,
          pan_blood_fountain_small, evilmike_holy_pan
Lab:      labyrinth_hidden_loot
Bazaar:   bazaar_jpeg_ninerooms_3
Trove:    trove_simple
Volcano:  volcano_pools

Skill      XL: |  1  2  3  4  5  6  7  8  9 10 11 12 13 14 15 16 17 18 19 20 21 22 23 24 25 26 27 |
---------------+----------------------------------------------------------------------------------+-----
Polearms       | 3 4 5 6 7 9 11 12 13 14 | 14.0
Shields        | 4 5 |  5.0
Dodging        | 5 9 11 12 15 16 18 19 | 19.7
Necromancy     | 5 8 10 14 | 14.0
Invocations    | 6 7 |  7.0
Armour         | 6 10 11 12 14 16 18 19 | 19.5
Fighting       | 8 10 12 14 19 23 27 | 27.0
Spellcasting   | 3 6 |  6.0
Charms         | 5 8 10 12 13 | 13.5
Ice Magic      | 4 8 |  8.0
Air Magic      | 4 9 12 13 | 13.0
Hexes          | 5 8 |  8.0
Throwing       | |  1.7

Action                   |  1- 3 |  4- 6 |  7- 9 | 10-12 | 13-15 | 16-18 | 19-21 | 22-24 | 25-27 || total
-------------------------+-------+-------+-------+-------+-------+-------+-------+-------+-------++-------
Melee: Trident           |   135 |     5 |       |       |       |       |       |       |       ||   140
       Spear             |       |   169 |   664 |   218 |       |       |       |       |       ||  1051
       Demon trident     |       |       |       |   681 |  1577 |  1670 |  2075 |  2218 |  2595 || 10816
       Peck              |       |       |       |       |   224 |   204 |       |       |       ||   428
       Unarmed           |       |       |       |       |    13 |       |       |       |       ||    13
       Double sword      |       |       |       |       |       |       |       |       |     4 ||     4
Throw: Throwing net      |     2 |       |       |       |     1 |       |       |       |       ||     3
       Tomahawk          |       |       |       |     7 |       |       |       |       |       ||     7
 Cast: Animate Skeleton  |       |       |       |    14 |    78 |    28 |    21 |    17 |    16 ||   174
       Animate Dead      |       |       |       |       |     1 |    23 |    13 |     9 |     4 ||    50
       Cigotuvi's Embrac |       |       |       |       |     1 |     3 |    15 |     9 |     8 ||    36
       Death Channel     |       |       |       |       |       |    19 |    19 |    20 |    18 ||    76
       Ozocubu's Armour  |       |       |       |       |       |    15 |     5 |       |       ||    20
       Silence           |       |       |       |       |       |     9 |    12 |     9 |    12 ||    42
       Deflect Missiles  |       |       |       |       |       |       |    12 |     6 |    10 ||    28
       Spectral Weapon   |       |       |       |       |       |       |       |     7 |    35 ||    42
       Regeneration      |       |       |       |       |       |       |       |     1 |    40 ||    41
Invok: Heroism           |       |       |       |       |       |       |       |     1 |     1 ||     2
       Finesse           |       |       |       |       |       |       |       |     1 |     1 ||     2
       Receive Corpses   |       |       |       |       |       |       |       |       |     1 ||     1
 Abil: Evoke Flight      |       |       |       |       |       |     8 |       |       |       ||     8
Evoke: Wand              |       |       |     1 |     7 |     2 |     4 |       |       |     1 ||    15
       Lamp of fire      |       |       |       |       |     1 |     1 |       |       |       ||     2
       Phial of floods   |       |       |       |       |       |       |     2 |     1 |       ||     3
       Phantom mirror    |       |       |       |       |       |       |       |     2 |       ||     2
  Use: Scroll            |       |     7 |    13 |    12 |    13 |     7 |    12 |    13 |     9 ||    86
       Potion            |       |     1 |     1 |     1 |     4 |     8 |     1 |       |     8 ||    24
 Stab: Sleeping          |     2 |     1 |       |     1 |     1 |     4 |     8 |       |       ||    17
       Distracted        |     1 |       |       |       |     4 |     6 |    22 |    27 |    34 ||    94
       Held in net/web   |     1 |       |       |       |     1 |       |       |       |       ||     2
       Confused          |       |       |     1 |       |     1 |       |       |       |       ||     2
       Petrified         |       |       |       |       |     5 |       |       |       |       ||     5
       Invisible         |       |       |       |       |       |       |       |       |     2 ||     2
       Betrayed ally     |       |       |       |       |       |       |       |       |     1 ||     1
  Eat: Chunk             |     3 |     7 |    21 |    21 |    49 |    47 |    46 |    40 |    40 ||   274
       Fruit             |       |       |       |     2 |       |    24 |       |     8 |     6 ||    40
       Meat ration       |       |       |       |       |     1 |       |       |       |       ||     1
       Royal jelly       |       |       |       |       |       |       |     8 |     3 |     8 ||    19
Armor: Leather armour    |    32 |    31 |    89 |    43 |   169 |   231 |   176 |       |       ||   771
       Troll leather arm |       |       |       |    19 |       |       |       |       |       ||    19
       Ring mail         |       |       |       |    58 |       |       |       |       |       ||    58
       Scale mail        |       |       |       |       |       |       |    76 |   351 |   583 ||  1010
Dodge: Dodged            |    88 |    75 |   203 |   348 |   580 |   658 |   983 |   943 |  1526 ||  5404
       Deflected         |       |       |       |       |       |       |    45 |    43 |    57 ||   145
Block: Buckler           |       |       |       |   110 |   230 |   339 |   557 |   503 |   743 ||  2482
       Reflection        |       |       |       |       |       |       |       |     8 |    39 ||    47

Table legend:
 A = Turns spent in this place as a percentage of turns spent in the entire game.
 B = Non-inter-level travel turns spent in this place as a percentage of non-inter-level travel turns spent in the entire game.
 C = Inter-level travel turns spent in this place as a percentage of turns spent in this place.
 D = Turns resting spent in this place as a percentage of non-inter-level travel turns spent in this place.
 E = Turns spent auto-exploring this place as a percentage of non-inter-level travel turns spent in this place.
 F = Non-inter-level travel turns spent in this place divided by the number of levels of this place that you've seen.
                   A       B       C       D       E      F
               +-------+-------+-------+-------+-------+----------------------
         Total | 100.0 | 100.0 |   0.7 |   2.9 |   5.3 | 515.9
       Dungeon |  20.1 |  20.0 |   1.3 |   3.5 |   7.1 | 439.6
          Lair |   7.8 |   7.7 |   1.0 |   3.1 |   6.8 | 426.3
         Swamp |   6.4 |   6.4 |   0.8 |   5.5 |   4.5 | 530.2
     Snake Pit |   5.7 |   5.8 |   0.7 |   3.1 |   5.8 | 474.8
    Slime Pits |   2.4 |   2.4 |   0.9 |   5.0 |   0.0 | 157.4
  Orcish Mines |   3.0 |   3.0 |   0.9 |   1.8 |   8.1 | 495.5
   Elven Halls |   8.8 |   8.8 |   0.5 |   3.9 |   4.3 | 968.7
        Vaults |  13.5 |  13.6 |   0.3 |   2.2 |   7.6 | 896.8
         Crypt |   6.8 |   6.8 |   0.7 |   1.0 |   1.9 | 747.3
        Depths |  11.8 |  11.8 |   0.9 |   1.8 |   5.2 | 780.2
          Hell |   2.9 |   2.9 |   0.1 |   3.3 |   2.0 | 963.0
           Zot |   1.8 |   1.8 |   0.3 |   1.3 |   5.3 | 604.0
         Abyss |   0.9 |   0.9 |   0.0 |   0.0 |   0.0 | 290.0
   Pandemonium |   2.0 |   2.0 |   0.0 |   2.7 |   7.0 | 163.8
     Labyrinth |   2.0 |   2.0 |   0.0 |   0.0 |   0.0 | 658.0
        Bazaar |   0.2 |   0.2 |   0.0 |   0.0 |   7.0 |  71.0
         Trove |   0.2 |   0.2 |   0.0 |   0.0 |   0.0 |  50.0
       Volcano |   0.6 |   0.6 |   0.0 |   6.1 |   0.5 | 212.0
    Desolation |   3.1 |   3.1 |   0.0 |   4.5 |   0.3 | 1031.0
               +-------+-------+-------+-------+-------+----------------------

Table legend:
 A = Kills in this place as a percentage of kills in entire the game.
 B = Kills by you in this place as a percentage of kills by you in the entire game.
 C = Kills by friends in this place as a percentage of kills by friends in the entire game.
 D = Other kills in this place as a percentage of other kills in the entire game.
 E = Experience gained in this place as a percentage of experience gained in the entire game.
 F = Experience gained in this place divided by the number of levels of this place that you have seen.
                   A       B       C       D       E      F
               +-------+-------+-------+-------+-------+----------------------
         Total | 100.0 | 100.0 | 100.0 | 100.0 | 100.0 | 27751.3
       Dungeon |  17.5 |  18.4 |   5.2 |   0.0 |   4.3 | 5055.7
          Lair |   6.9 |   6.9 |   7.8 |   0.0 |   3.3 | 9738.5
         Swamp |   4.5 |   4.2 |   8.3 |  10.0 |   3.6 | 15846.0
     Snake Pit |   6.5 |   6.0 |  13.5 |  10.0 |   6.2 | 27677.2
    Slime Pits |   3.8 |   4.1 |   0.0 |   0.0 |   5.0 | 17649.0
  Orcish Mines |   4.7 |   5.0 |   0.0 |   0.0 |   1.2 | 10778.0
   Elven Halls |   6.0 |   6.1 |   3.6 |  30.0 |   7.3 | 43037.7
        Vaults |  16.8 |  16.8 |  16.7 |  10.0 |  23.5 | 83388.8
         Crypt |   7.5 |   8.1 |   0.0 |   0.0 |   9.7 | 57409.7
        Depths |  13.7 |  12.9 |  26.6 |   0.0 |  21.2 | 75391.0
          Hell |   2.4 |   2.6 |   0.0 |   0.0 |   2.8 | 50338.0
           Zot |   2.6 |   2.1 |   7.8 |  30.0 |   4.8 | 84704.0
         Abyss |   1.2 |   0.8 |   6.8 |   0.0 |   0.7 | 13165.0
   Pandemonium |   2.5 |   2.6 |   0.0 |   0.0 |   3.7 | 16287.8
     Labyrinth |   0.0 |   0.0 |   0.0 |   0.0 |   0.1 | 1085.0
       Volcano |   0.4 |   0.5 |   0.0 |   0.0 |   0.2 | 3654.0
    Desolation |   3.0 |   2.9 |   3.6 |  10.0 |   2.5 | 44582.0
               +-------+-------+-------+-------+-------+----------------------
